 Dungeon Crawl Stone Soup version 0.24.0-125-gc4c63601f3 (webtiles) character file.

Game seed: 16006188419913391668, levelgen mode: deterministic

17 Defined the Magician (level 2, 14/20 HPs)
             Began as a Gnoll Wizard on Feb 24, 2020.
             Quit the game on level 1 of the Dungeon.
             The game lasted 00:01:03 (542 turns).

Defined the Magician (Gnoll Wizard)                  Turns: 542, Time: 00:01:03

Health: 14/20      AC: 10    Str:  9    XL:     2   Next: 62%
Magic:  10/10      EV:  1    Int: 20    God:
Gold:   65         SH:  0    Dex: 13    Spells: 14/15 levels left

rFire    . . .     SeeInvis .   f - +2 short sword (venom)
rCold    . . .     Gourm    .   (no shield)
rNeg     . . .     Faith    .   i - +0 plate armour
rPois    .         Spirit   .   b - +0 hat
rElec    .         Reflect  .   (no cloak)
rCorr    .         Harm     .   (no gloves)
MR       .....                  (no boots)
Stlth    ..........             (no amulet)
HPRegen  0.06/turn              (no ring)
MPRegen  0.12/turn              (no ring)

@: no status effects
A: distributed training, fangs 1, strong nose
a: no special abilities


You were on level 1 of the Dungeon.
You were not hungry.

You visited 1 branch of the dungeon, and saw 1 of its levels.

You collected 65 gold pieces.

Inventory:

Hand Weapons
 f - a +2 short sword of venom (weapon)
Armour
 a - a +0 robe
 b - a +0 hat (worn)
 i - a +0 plate armour (worn)
Scrolls
 e - a scroll of remove curse {unknown}
 j - a scroll of random uselessness {unknown}
Potions
 c - a potion of flight {unknown}
 g - a potion of brilliance {unknown}
 h - a potion of magic {unknown}
Comestibles
 d - 2 rations


   Skills:
 + Level 0.4 Fighting
 + Level 0.4 Short Blades
 + Level 0.4 Long Blades
 + Level 0.4 Axes
 + Level 0.4 Maces & Flails
 + Level 0.4 Polearms
 + Level 0.4 Staves
 + Level 0.4 Slings
 + Level 0.4 Bows
 + Level 0.4 Crossbows
 + Level 0.4 Throwing
 + Level 0.4 Armour
 + Level 4.5 Dodging
 + Level 4.1 Stealth
 + Level 0.4 Shields
 + Level 0.4 Unarmed Combat
 + Level 7.1 Spellcasting
 + Level 2.0 Conjurations
 + Level 0.2 Hexes
 + Level 0.2 Charms
 + Level 2.0 Summonings
 + Level 0.2 Necromancy
 + Level 2.0 Translocations
 + Level 0.2 Transmutations
 + Level 0.2 Fire Magic
 + Level 0.2 Ice Magic
 + Level 0.2 Air Magic
 + Level 0.2 Earth Magic
 + Level 0.2 Poison Magic
 + Level 0.5 Invocations
 + Level 0.4 Evocations


You had 14 spell levels left.
You knew the following spells:

 Your Spells              Type           Power        Failure   Level  Hunger
a - Magic Dart            Conj           ###.         100%        1    None

Your spell library contained the following spells:

 Spells                   Type           Power        Failure   Level  Hunger
 Blink                    Tloc           N/A          100%        2    None
 Call Imp                 Summ           ###.....     100%        2    None
 Slow                     Hex            #.......     100%        2    None
 Conjure Flame            Conj/Fire      ##......     100%        3    #......
 Mephitic Cloud           Conj/Pois/Air  ##......     100%        3    #......


Dungeon Overview and Level Annotations

Branches:
Dungeon (1/15)

Altars:


Innate Abilities, Weirdness & Mutations

Your experience applies equally to all skills.
You have very sharp teeth.
Your uncanny sense of smell can sniff out nearby items.


Message History

Your plate armour prevents you from hitting the leopard gecko.
The leopard gecko bites you but does no damage.
You barely miss the leopard gecko. The leopard gecko bites you.
Your plate armour prevents you from hitting the leopard gecko.
The leopard gecko bites you but does no damage.
Your plate armour prevents you from hitting the leopard gecko.
The leopard gecko barely misses you.
The leopard gecko bites you but does no damage.
You closely miss the leopard gecko.
You bite the leopard gecko, but do no damage.
The leopard gecko bites you but does no damage.
You closely miss the leopard gecko.
The leopard gecko bites you but does no damage.
You closely miss the leopard gecko. The leopard gecko bites you.
The leopard gecko bites you but does no damage.
You hit the leopard gecko.
The leopard gecko is poisoned.
The leopard gecko is heavily wounded.
You kill the leopard gecko!
No target in view!
Are you sure you want to abandon this character and quit the game? (Confirm with "yes".)

### #.# #.##.#..#
...####.# #........
........# #..##.##.
........# #...#.#..
#......# #.#..#..#
#......# ######.#.###..
#......# #.........#(..
#......###.####...#.#..
#.....@..........##.##.
.......####.............
##..... #.####....#...
....... ..# #..#.....
....... ... .........
....... ... ....#.....
.....## .#.## #..#.#...
..... .. ....>#...
##..#.....


There were no monsters in sight!

Vanquished Creatures
  A dart slug (D:1)
  2 leopard geckos (D:1)
  A ball python (D:1)
  A goblin (D:1)
  3 hobgoblins (D:1)
  2 bats (D:1)
  A kobold (D:1)
  A rat (D:1)
12 creatures vanquished.

Notes
Turn   | Place    | Note
-------+----------+-------------------------------------------
     0 | D:1      | Defined the Gnoll Wizard began the quest for the Orb.
     0 | D:1      | Reached XP level 1. HP: 13/13 MP: 8/8
   176 | D:1      | Reached XP level 2. HP: 19/19 MP: 10/10
   542 | D:1      | Quit the game

Levels and vault maps discovered:
D:1:      dpeg_arrival_rooms_with_view, layout_basic, corexii_leaking_fountain,
          minmay_misc_feat_chi, minmay_tall_x

Skill      XL: |  1 |
---------------+----+-----
Conjurations   | 2 |  2.0
Summonings     | 2 |  2.0
Translocations | 2 |  2.0
Fighting       | |  0.4
Short Blades   | |  0.4
Long Blades    | |  0.4
Axes           | |  0.4
Maces & Flails | |  0.4
Polearms       | |  0.4
Staves         | |  0.4
Slings         | |  0.4
Bows           | |  0.4
Crossbows      | |  0.4
Throwing       | |  0.4
Armour         | |  0.4
Dodging        | |  4.5
Stealth        | |  4.1
Shields        | |  0.4
Unarmed Combat | |  0.4
Spellcasting   | |  7.1
Hexes          | |  0.2
Charms         | |  0.2
Necromancy     | |  0.2
Transmutations | |  0.2
Fire Magic     | |  0.2
Ice Magic      | |  0.2
Air Magic      | |  0.2
Earth Magic    | |  0.2
Poison Magic   | |  0.2
Invocations    | |  0.5
Evocations     | |  0.4

Action                   || total
-------------------------++-------
Melee: Unarmed           ||     6
       Short sword       ||    27
       Bite              ||     3
 Cast: Magic Dart        ||    11
 Stab: Sleeping          ||     1
Armor: Robe              ||     6
       Plate armour      ||    10
Dodge: Dodged            ||    18
